AoeStats
← Stanko2026

Glade

510541106Analyzed
1v1 RM · 21h ago on Oct 1, 2026· 53m 3s· 2 players
Game mode
Random Map
Map size
Tiny (2 player)
Population
200
Speed
Normal
Resources
Standard
Victory
Conquest
Starting age
Dark Age
Ending age
Imperial Age
RankedLock teamsTeams togetherTeam positionsShared explorationLock speedFull tech treeHidden civsTurbo modeCheats
Victory
Defeat
🇩🇪 Ethiopians · Germany
767
+15
🇪🇸 Maya · Spain
740
-15
Pajariko
10:01 Feudal Age
10:28 Double-Bit Axe
10:38 Loom
10:42 Town Watch
13:53 Forging
17:21 Fletching
21:33 Castle Age
23:16 Eagle Warrior
23:27 Crossbowman
24:13 Bodkin Arrow
24:30 Gold Mining
25:52 Scale Mail Armor
27:16 Town Patrol
27:53 Wheelbarrow
32:02 Murder Holes
32:31 Ballistics
32:30 Hand Cart
34:46 Imperial Age
34:52 Imperial Age
34:59 Bow Saw
36:10 Bracer
36:13 Padded Archer Armor
35:43 Onager
38:09 Chemistry
37:08 Elite Plumed Archer
39:37 Capped Ram
40:44 Conscription
42:44 Holcans
43:55 Elite Eagle Warrior
Stanko2026
0:26 Loom
10:26 Feudal Age
10:49 Horse Collar
10:56 Double-Bit Axe
17:32 Stone Mining
17:32 Gold Mining
17:40 Gold Mining
21:56 Castle Age
20:59 Man-at-Arms
21:28 Arson
22:42 Heavy Plow
23:20 Gold Shaft Mining
23:20 Stone Shaft Mining
26:13 Bow Saw
27:38 Arson
27:53 Squires
27:18 Elite Skirmisher
29:04 Gold Shaft Mining
28:40 Murder Holes
29:06 Ballistics
30:25 Royal Heirs
30:01 Light Cavalry
30:42 Husbandry
37:38 Imperial Age
35:57 Scale Mail Armor
36:09 Forging
39:18 Chemistry
40:11 Conscription
42:04 Elite Shotel Warrior
Connection lost

Rejoining the realm…

Still unreachable

The connection could not be restored.

Session expired

The server has moved on; the page needs a fresh start.